 Dungeon Crawl Stone Soup version 0.19.0-22-gd96e5fe (webtiles) character file.

15 eve the Gusty (level 2, 0/15 HPs)
             Began as a Tengu Air Elementalist on Nov 19, 2016.
             Slain by a hobgoblin (3 damage)
             ... led by Robin
             ... on level 1 of the Dungeon.
             The game lasted 00:13:02 (1088 turns).

eve the Gusty (Tengu Air Elementalist)              Turns: 1088, Time: 00:13:03

Health: 0/15       AC:  2    Str:  8    XL:     2   Next: 50%
Magic:  6/6        EV: 13    Int: 15    God:
Gold:   8          SH:  0    Dex: 14    Spells: 1 memorised, 4 levels left

rFire  . . .     SeeInvis .     e - +0 club
rCold  . . .     Gourm    .     a - +0 robe
rNeg   . . .     Faith    .     (no shield)
rPois  .         Spirit   .     (helmet restricted)
rElec  .         Reflect  .     (no cloak)
rCorr  .         Harm     .     (no gloves)
MR     .....                    (boots unavailable)
Stlth  ++........               (no amulet)
                                (no ring)
                                (no ring)

@: no status effects
A: beak, talons 3
a: no special abilities


You were on level 1 of the Dungeon.
You were hungry.

You visited 1 branch of the dungeon, and saw 2 of its levels.

You collected 8 gold pieces.

Inventory:

Hand Weapons
 e - a +0 club (weapon)
 l - a +0 dagger
 q - a +0 club
 r - a +0 club
 s - a +0 dagger
Missiles
 k - 16 sling bullets
 p - 26 arrows
 w - 2 stones (quivered)
Armour
 a - a +0 robe (worn)
 t - a +0 ring mail
Scrolls
 d - a scroll of amnesia {unknown}
 g - 2 scrolls of identify {unknown}
 h - a scroll of magic mapping {unknown}
 m - a scroll of teleportation {unknown}
Potions
 f - a potion of beneficial mutation {unknown}
 i - a potion of degeneration {unknown}
 j - a potion of heal wounds {unknown}
 n - 3 potions of lignification {unknown}
 o - a potion of ambrosia {unknown}
 u - a potion of haste {unknown}
Books
 b - a book of Air

   Spells                             Type                      Level
   a - Shock                          Conjuration/Air              1
   b - Swiftness                      Charms/Air                   2
   c - Repel Missiles                 Charms/Air                   2
   d - Static Discharge               Conjuration/Air              3
   e - Lightning Bolt                 Conjuration/Air              5
Comestibles
 c - a bread ration
 v - 2 slices of pizza


   Skills:
 + Level 2.3 Dodging
 + Level 2.1 Stealth
 + Level 2.2 Spellcasting
 + Level 1.5 Conjurations
 + Level 4.5 Air Magic


You had 4 spell levels left.
You knew the following spells:

 Your Spells              Type           Power        Failure   Level  Hunger
a - Shock                 Conj/Air       ##..         8%          1    #......


Dungeon Overview and Level Annotations

Branches:
Dungeon (2/15)

Altars:

Annotations:
D:2 Robin


Innate Abilities, Weirdness & Mutations

You have a beak for a mouth.
You have claws for feet.


Message History

The goblin misses you.
You climb upwards.
There is a stone staircase leading down here.
You barely miss the hobgoblin. The hobgoblin barely misses you.
The goblin closely misses you. The hobgoblin hits you with a club. x2
A rat comes into view.
You barely miss the hobgoblin. The goblin hits you but does no damage.
The hobgoblin barely misses you. The hobgoblin closely misses you.
The hobgoblin barely misses you.
You barely miss the hobgoblin.
You claw the hobgoblin, but do no damage.
Your peck misses the hobgoblin. The hobgoblin completely misses you.
The goblin hits you but does no damage. The hobgoblin barely misses you.
The hobgoblin hits you with a club.
You closely miss the hobgoblin. The goblin hits you but does no damage.
The hobgoblin hits you.
* * * LOW HITPOINT WARNING * * *
The hobgoblin barely misses you. The hobgoblin closely misses you.
The goblin closely misses you. The hobgoblin hits you.
You die...

......#### #.......# #.....#...
.........# #.......# #.).######
#.....##.# #.......# #.....#
##....##.# ##.....## #..##.####
...##..#.###.......# ###..##....#
...###.....#.......# #....##.....
...# #####.#.......###.#..#......
...# ##..#...g.###....##......
...######......g@g..r..####......
#####...........g................
......#........#############.....
######....###...#### #...... .##
#...####.......# #......
..###..####....###.### #......
#......###...### #...# ##.....
###...........######.## ####...#
......................# #.......


You could see 3 hobgoblins, a goblin and a rat.

Vanquished Creatures
  3 giant cockroaches (D:1)
  2 goblins (D:1)
  3 hobgoblins (D:1)
  2 kobolds (D:1)
  2 bats (D:1)
  A rat (D:1)
13 creatures vanquished.

Notes
Turn   | Place    | Note
-------+----------+-------------------------------------------
     0 | D:1      | eve the Tengu Air Elementalist began the quest for the Orb.
     0 | D:1      | Reached XP level 1. HP: 10/10 MP: 4/4
   375 | D:1      | Reached XP level 2. HP: 13/15 MP: 1/6
  1082 | D:2      | Noticed Robin
  1088 | D:1      | Slain by a hobgoblin

Action                   || total
-------------------------++-------
Melee: Club              ||    12
       Kick              ||     2
 Cast: Shock             ||    19
Armor: Robe              ||     2
Dodge: Dodged            ||    28
